 Dungeon Sprint DCSS version 0.31-a0-435-g2c6fae2916 (webtiles) character file.

Game seed: 5763530332796823529

18687 rocky1 the Sensei (level 12, -3/120 HPs)
             Began as a Demonspawn Shapeshifter on Aug 2, 2023.
             Was an Initiate of Gozag.
             Succumbed to a death drake's dark miasma
             ... in the Dungeon (Sprint VII: "The Pits").
             The game lasted 00:20:56 (6602 turns).

rocky1 the Sensei (Demonspawn Shapeshifter)         Turns: 6602, Time: 00:20:59

Health: -3/120     AC: 12    Str: 16    XL:     12   Next: 29%
Magic:  12/12      EV: 17    Int: 11    God:    Gozag
Gold:   2007       SH:  0    Dex: 15    Spells: 11/11 levels left

rFire   . .          .
                       - Unarmed
rCold   . . .        (no shield)
rNeg    . . .        o - +4 scale mail
rPois   .            (helmet currently unavailable)
rElec   .            (cloak currently unavailable)
rCorr   .            (gloves currently unavailable)
SInv    +            (boots currently unavailable)
Will    .....        (no amulet) Stlth
                     l - +3 ring of evasion
HPRegen 0.40/turn    a - +3 ring of evasion
MPRegen 0.26/turn

%: no teleportation, clarity
@: lethally poisoned (-3 -> -27), beast-form, slowed, very slow
A: beast (slay +7), rugged brown scales 1, magic regeneration, demonic touch 2,
see invisible, clarity, clumsy 1, robust 1
a: Begin Untransformation, Renounce Religion, Potion Petition, Call Merchant,
Bribe Branch


You were in the Dungeon.
You worshipped Gozag.
Gozag was most pleased with you.
You were a hulking beast.
You visited 1 branch You collected 8815 gold pieces.
You spent 1036 gold pieces at shops.
You paid 5772 gold pieces to Gozag.

Inventory:

Missiles
 u - 2 poisoned darts (quivered)
 D - 5 throwing nets
Armour
 o - a +4 scale mail (worn)
Jewellery
 a - a +3 ring of evasion (right hand)
 l - a +3 ring of evasion (left hand)
Talismans
 c - a beast talisman (active)
Wands
 A - a wand of flame (30)
 B - a wand of roots (3)
 E - a wand of polymorph (6)
Scrolls
 f - 4 scrolls of enchant weapon
 j - 6 scrolls of amnesia
 p - 3 scrolls of poison
 q - 2 scrolls of immolation
 r - 4 scrolls of enchant armour
 t - a scroll of revelation
Potions
 b - a potion of lignification
 e - 6 potions of berserk rage
 g - 4 potions of magic
 h - a potion of invisibility
 i - 5 potions of curing
 m - 3 potions of resistance
 n - a potion of brilliance
 v - 6 potions of heal wounds
 w - a potion of haste
 x - a potion of mutation


   Skills:
 * Level 14.3 Fighting
 - Level 6.0 Armour
 - Level 5.0 Dodging
 - Level 0.2 Stealth
 - Level 21.5 Unarmed Combat
 + Level 0.5 Evocations
 * Level 11.6 Shapeshifting


You had 11 spell levels left.
You didn't know any spells.
Your spell library was empty.

Dungeon Overview and Level Annotations

Branches:
Dungeon (1/1)

Altars:
Ashenzari
Cheibriados
Dithmenos
Fedhas
Gozag
Hepliaklqana
Kikubaaqudgha
Makhleb
Nemelex Xobeh
Okawaru
Qazlal
Ru
Sif Muna
Trog
Uskayaw
Vehumet
Wu Jian
Xom
Yredelemnul
Jiyva
Lugonu

Shops:
D **??=


Innate Abilities, Weirdness & Mutations

You are a hulking beast.
Your limbs bulge with bestial killing power. (Slay +7)
You are partially covered in rugged brown scales. (AC +1, +3% HP)
You regenerate magic rapidly.
Your touch may inflict irresistible damage on your foes.
You have supernaturally acute eyesight. (SInv)
You possess an exceptional clarity of mind.
You are clumsy. (Dex -2)
You are robust. (+10% HP)


Message History

You feel yourself slow down.
* * * LOW HITPOINT WARNING * * *
You feel very sick. The death drake bites you.
* * * LOW HITPOINT WARNING * * *
Blink to where?
Press: ? - help, Dir - move target, p - death drake
Okay, then.
Okay, then.
You feel better.
You are engulfed in dark miasma.
You are poisoned.
You feel as though you will be slow longer.
* * * LOW HITPOINT WARNING * * *
You feel extremely sick.
The death drake bites you but does no damage.
The death drake bites you.
* * * LOW HITPOINT WARNING * * *
Blink to where?
Press: ? - help, Dir - move target, p - death drake
As you read the scroll of blinking, it crumbles to dust.
You feel very sick. The death drake breathes miasma at you.
Unknown command.
You are engulfed in dark miasma.
You are lethally poisoned!
* * * LOW HITPOINT WARNING * * *
x2 You feel extremely sick.
Unknown command.
You feel better. The death drake breathes miasma at you.
The foul vapour misses you.
Okay, then.
As you read the scroll of fear, it crumbles to dust.
You assume a fearsome visage.
The death drake looks frightened!
You are engulfed in dark miasma.
You are lethally poisoned!
You feel as though you will be slow longer.
* * * LOW HITPOINT WARNING * * *
You die...
Your body crumbles into a pile of gold.

#.#)##.##........o.....)).
#.#))+.##.$##############'
#.'.[#.##..# #... #.#||+.##..#
#... ########.+=)#.##°.# #...
..##..##.##'#.##..# ###.
..##..##......##k°# ..
..''..##########.°# oo
..''..##########h°# .o
..##....[.....°°°°#
..##...........°.°#
################### ########
##### #############
#...[..###...# ##..'.....').##
..#[#.........##...##...##.|.#
.##)##.....#...#..##.....##.[#
##...##...###..#.##.......##.#


You could see a death drake (fleeing).

Vanquished Creatures
  Saint Roka (D)
  Harold (D)
  An ogre mage (D)
  2 merfolk aquamancers (D)
  A two-headed ogre (D)
  2 death yaks (D)
  A sea snake (D)
  3 orc knights (D)
  A deep elf pyromancer (D)
  A wolf spider (D)
  An eye of devastation (D)
  A rust devil (D)
  3 cane toads (D)
  3 unseen horrors (D)
  A rime drake (D)
  An ice devil (D)
  2 red devils (D)
  A guardian mummy (D)
  A polar bear (D)
  2 merfolk (D)
  A tyrant leech (D)
  A hornet (D)
  A hellwing (D)
  A wandering mushroom (D)
  A flying skull (D)
  2 spriggans (D)
  A large abomination (D)
  A shadow (D)
  3 wraiths (D)
  A ynoxinul (D)
  5 water elementals (D)
  4 yaks (D)
  4 vampire mosquitoes (D)
  2 redbacks (D)
  A warg (D)
  A swamp drake (D)
  An ice beast (D)
  3 orc warriors (D)
  A sky beast (D)
  3 ogres (D)
  A wolf (D)
  A necrophage (D)
  4 killer bees (D)
  A hound (D)
  A gnoll bouda (D)
  6 orc priests (D)
  2 orc wizards (D)
  A mummy (D)
  5 gnolls (D)
  An adder (D)
  2 river rats (D)
  An adder zombie (D)
  A worm (D)
  14 orcs (D)
  A bat (D)
  2 bat skeletons (D)
  An endoplasm (D)
  A giant cockroach (D)
  A goblin (D)
  4 jackals (D)
  3 ball python skeletons (D)
  A frilled lizard (D)
  A quokka skeleton (D)
  2 rats (D)
126 creatures vanquished.

Notes
Turn   | Place    | Note
-------+----------+-------------------------------------------
     0 | D        | rocky1 the Demonspawn Shapeshifter began the quest for the
                  | Orb.
     0 | D        | Reached XP level 1. HP: 15/15 MP: 1/1
    25 | D        | Reached skill level 3 in Unarmed Combat
    25 | D        | Gained mutation: Your touch may inflict minor irresistible
                  | damage on your foes. [demonic ancestry]
    25 | D        | Reached XP level 2. HP: 21/21 MP: 2/2
    28 | D        | Found a bloodstained altar of Trog.
    28 | D        | Found a shimmering blue altar of Sif Muna.
    28 | D        | Found a viscous altar of Jiyva.
    28 | D        | Found a hazy altar of Hepliaklqana.
    28 | D        | Found an opulent altar of Gozag.
    29 | D        | Found a basalt altar of Yredelemnul.
    29 | D        | Found a shimmering altar of Xom.
    29 | D        | Found an ornate altar of the Wu Jian Council.
    29 | D        | Found a sacrificial altar of Ru.
    29 | D        | Found a stormy altar of Qazlal.
    29 | D        | Found an iron altar of Okawaru.
    29 | D        | Found a sparkling altar of Nemelex Xobeh.
    29 | D        | Found a burning altar of Makhleb.
    29 | D        | Found a blossoming altar of Fedhas.
    29 | D        | Found a shadowy altar of Dithmenos.
    29 | D        | Found a snail-covered altar of Cheibriados.
    32 | D        | Found a corrupted altar of Lugonu.
    32 | D        | Found a radiant altar of Vehumet.
    33 | D        | Found an ancient bone altar of Kikubaaqudgha.
    33 | D        | Found a hide-covered altar of Uskayaw.
    33 | D        | Found a broken altar of Ashenzari.
    36 | D        | Became a worshipper of Gozag Ym Sagoz the Greedy
    75 | D        | Reached skill level 4 in Unarmed Combat
   528 | D        | Gained mutation: You are partially covered in rugged brown
                  | scales. (AC +1, +3% HP) [demonic ancestry]
   528 | D        | Reached XP level 3. HP: 13/26 MP: 3/3
   712 | D        | Reached skill level 5 in Unarmed Combat
   712 | D        | Reached XP level 4. HP: 19/35 MP: 4/4
   718 | D        | Reached skill level 6 in Unarmed Combat
  1171 | D        | Noticed a necrophage
  1183 | D        | Reached skill level 5 in Shapeshifting
  1183 | D        | Reached XP level 5. HP: 42/42 MP: 5/5
  1187 | D        | Reached skill level 7 in Unarmed Combat
  1196 | D        | Reached skill level 8 in Unarmed Combat
  1521 | D        | Reached XP level 6. HP: 50/50 MP: 6/6
  1524 | D        | Noticed a vampire mosquito
  1530 | D        | Killed a vampire mosquito
  1531 | D        | Reached skill level 5 in Fighting
  1531 | D        | Reached skill level 1 in Armour
  1531 | D        | Reached skill level 10 in Unarmed Combat
  1816 | D        | Noticed an orc warrior
  1824 | D        | Killed an orc warrior
  1825 | D        | Reached XP level 7. HP: 57/57 MP: 7/7
  2036 | D        | Noticed a cane toad
  2048 | D        | Killed a cane toad
  2049 | D        | Reached skill level 12 in Unarmed Combat
  2093 | D        | Gained mutation: You are clumsy. (Dex -2) [potion of
                  | mutation]
  2093 | D        | Gained mutation: You have supernaturally acute eyesight.
                  | (SInv) [potion of mutation]
  2093 | D        | Gained mutation: You are robust. (+10% HP) [potion of
                  | mutation]
  2093 | D        | Gained mutation: You possess an exceptional clarity of
                  | mind. [potion of mutation]
  2252 | D        | Bought a scroll of blinking for 97 gold pieces
  2252 | D        | Bought a potion of invisibility for 104 gold pieces
  2267 | D        | Noticed an unseen horror
  2268 | D        | Noticed a large abomination
  2274 | D        | Gained mutation: Your touch may inflict irresistible damage
                  | on your foes. [demonic ancestry]
  2274 | D        | Reached XP level 8. HP: 66/73 MP: 8/8
  2276 | D        | Killed an unseen horror
  2277 | D        | Reached skill level 13 in Unarmed Combat
  2279 | D        | Killed a large abomination
  2297 | D        | Noticed a sea snake
  2297 | D        | Noticed a death yak
  2297 | D        | Noticed a guardian mummy
  2297 | D        | Noticed a cane toad
  2297 | D        | Noticed a cane toad
  2308 | D        | Killed a sea snake
  2309 | D        | Reached skill level 14 in Unarmed Combat
  2311 | D        | Killed a cane toad
  2312 | D        | Reached skill level 5 in Armour
  2312 | D        | Reached XP level 9. HP: 40/82 MP: 9/9
  2315 | D        | Killed a cane toad
  2316 | D        | Reached skill level 15 in Unarmed Combat
  2334 | D        | Killed a death yak
  2335 | D        | Reached skill level 5 in Dodging
  2337 | D        | Killed a guardian mummy
  2832 | D        | Noticed a polar bear
  2841 | D        | Killed a polar bear
  2842 | D        | Reached skill level 16 in Unarmed Combat
  2858 | D        | Gained mutation: You regenerate magic rapidly. [demonic
                  | ancestry]
  2858 | D        | Reached XP level 10. HP: 72/92 MP: 10/10
  3155 | D        | Noticed an eye of devastation
  3159 | D        | Reached skill level 17 in Unarmed Combat
  3164 | D        | Killed an eye of devastation
  3182 | D        | Noticed a death yak
  3199 | D        | Killed a death yak
  3549 | D        | Bought a scroll of poison for 44 gold pieces
  3549 | D        | Bought a scroll of immolation for 44 gold pieces
  3549 | D        | Bought a scroll of fear for 44 gold pieces
  3549 | D        | Bought a scroll of immolation for 44 gold pieces
  3569 | D        | Reached skill level 18 in Unarmed Combat
  3582 | D        | Noticed Saint Roka
  3604 | D        | Killed Saint Roka
  3605 | D        | Reached skill level 10 in Fighting
  3605 | D        | Reached skill level 19 in Unarmed Combat
  3605 | D        | Reached XP level 11. HP: 53/102 MP: 11/11
  3633 | D        | Noticed a wolf spider
  3636 | D        | Noticed a deep elf pyromancer
  3647 | D        | Killed a deep elf pyromancer
  3655 | D        | Reached skill level 20 in Unarmed Combat
  4036 | D        | Killed a wolf spider
  4327 | D        | Bought a runed bone wand for 84 gold pieces
  4327 | D        | Bought a twisted gold wand for 84 gold pieces
  4327 | D        | Bought a wand of flame (9) for 132 gold pieces
  4327 | D        | Bought a wand of flame (8) for 117 gold pieces
  4327 | D        | Bought a glowing puce potion for 18 gold pieces
  4327 | D        | Bought a potion of curing for 63 gold pieces
  4340 | D        | Noticed Harold
  4347 | D        | Killed Harold
  4348 | D        | Reached skill level 10 in Shapeshifting
  5520 | D        | Noticed a merfolk aquamancer
  5520 | D        | Noticed an ogre mage
  5520 | D        | Noticed a two-headed ogre
  5525 | D        | Killed a merfolk aquamancer
  5528 | D        | Killed a two-headed ogre
  5529 | D        | Reached skill level 21 in Unarmed Combat
  5534 | D        | Killed an ogre mage
  5535 | D        | Reached XP level 12. HP: 116/116 MP: 12/12
  5802 | D        | Bought a scroll of revelation for 105 gold pieces
  5802 | D        | Bought a scroll of poison for 56 gold pieces
  5861 | D        | Noticed a merfolk aquamancer
  5872 | D        | Killed a merfolk aquamancer
  6539 | D        | Noticed an orc warlord
  6539 | D        | Noticed an orc warlord
  6602 | D        | HP: 4/120 [death drake] (15)]
  6602 | D        | Succumbed to a death drake's dark miasma

Illustrated notes

Levels and vault maps discovered:
D:        pitsprint [storerooms_1, entrance_room_1, metal_vault_3, armoury_1,
          mini_pit_1, grid_room_1, main_hall_1, silver_pit, the_coven_3,
          the_vestibule_1, steel_vault_5, golden_pit, hallway_of_sentries,
          crystal_vault_4, iron_vault_2, final_vault]

Skill      XL: |  1  2  3  4  5  6  7  8  9 10 11 12 |
---------------+-------------------------------------+-----
Dodging        | 2 3 4 5 |  5.0
Unarmed Combat | 3 4 5 6 8 10 12 14 16 19 21 | 21.5
Shapeshifting  | 3 4 5 6 7 8 10 11 | 11.6
Fighting       | 2 3 4 5 6 7 8 10 12 14 | 14.3
Armour         | 1 3 5 6 |  6.0
Stealth        | |  0.2
Evocations     | |  0.5

Action                     |  1- 3 |  4- 6 |  7- 9 | 10-12 || total
---------------------------+-------+-------+-------+-------++-------
  Melee: Unarmed           |    41 |    46 |    74 |   205 ||   366
         Touch             |     5 |    10 |    14 |    44 ||    73
         Punch             |       |     2 |     6 |    20 ||    28
 Invoke: Call Merchant     |       |       |     1 |     4 ||     5
         Potion Petition   |       |       |     1 |     1 ||     2
  Evoke: Wand              |       |       |       |     3 ||     3
    Use: Potion            |     5 |       |     5 |    12 ||    22
         Scroll            |     2 |       |       |     6 ||     8
   Stab: Sleeping          |     2 |       |       |       ||     2
         Distracted        |     1 |     1 |       |       ||     2
         Invisible         |     3 |       |       |     6 ||     9
 Armour: Animal skin       |     2 |       |       |       ||     2
         Scale mail        |       |    11 |    14 |    41 ||    66
  Dodge: Dodged            |    23 |    16 |    38 |   114 ||   191

Table legend: (Time is in decaauts)
 A = Elapsed time spent in this place.
 B = Non-inter-level travel time spent in this place.
 C = Inter-level travel time spent in this place.
 D = Time resting spent in this place.
 E = Time spent auto-exploring this place.
 F = Levels seen in this place.
 G = Mean time per level.
                   A        B        C        D        E       F      G
               +--------+--------+--------+--------+--------+-----+--------+
         Total |   6505 |   6444 |     61 |   4872 |      0 |   1 | 6505.0 |
       Dungeon |   6505 |   6444 |     61 |   4872 |      0 |   1 | 6505.0 |
               +--------+--------+--------+--------+--------+-----+--------+

Top non-repeatable levels by time:
       D: 6505 daAuts
